 Dungeon Crawl Stone Soup version 0.13-b1-32-g21a608e (webtiles) character file.

1142 Goboxel the Cudgeler (level 8, -4/61 HPs)
             Began as a Human Fighter on Oct 6, 2013.
             Slain by an ogre
             ... wielding a +0,+0 giant club
              (21 damage)
             ... on Level 6 of the Dungeon.
             The game lasted 00:13:38 (4577 turns).

Goboxel the Cudgeler (Human Fighter)                Turns: 4577, Time: 00:13:39

HP  -4/61        AC 11     Str 20      XL: 8   Next: 31%
MP   2/2         EV  7     Int  8      God:
Gold 225         SH 20     Dex 12      Spells:  0 memorised,  7 levels left

Res.Fire  : . . .   See Invis. : .   e - +1,+3 flail (antimagic)
Res.Cold  : . . .   Warding    : .   b - +0 scale mail
Life Prot.: . . .   Conserve   : +   c - +0 shield
Res.Poison: .       Res.Corr.  : +   (no helmet)
Res.Elec. : .       Clarity    : .   n - +0 cloak {rCorr, Cons}
Sust.Abil.: + .     Spirit.Shd : .   g - +2 pair of gloves
Res.Mut.  : .       Stasis     : .   (no boots)
Res.Rott. : .       Flight     : .   (no amulet)
Saprovore : . . .                    (no ring)
                                     q - ring of sustain abilities {unknown}

@: slightly resistant to hostile enchantments, extremely unstealthy
A: no striking features
a: no special abilities


You were on level 6 of the Dungeon.
You were hungry.

You visited 1 branch of the dungeon, and saw 6 of its levels.

You collected 205 gold pieces.

Inventory:

Hand weapons
 a - a +0,+0 hand axe {=f}
 e - a +1,+3 anti-magic flail (weapon)
Armour
 b - a +0 scale mail (worn)
 c - a +0 shield (worn)
 g - a +2 pair of gloves (worn)
 n - a +0 cloak of preservation (worn)
Magical devices
 f - a wand of digging (1)
 v - a wand of teleportation (4)
Comestibles
 d - 4 bread rations
 i - 2 pears
 k - 2 chokos
 o - 2 meat rations
 r - 2 apples
 w - 2 rotting chunks of quokka flesh
 z - a rotting chunk of adder flesh
Scrolls
 j - a scroll of curse armour
 m - 2 scrolls of remove curse
 t - 2 scrolls of teleportation
 A - a scroll of recharging {unknown}
Jewellery
 q - a ring of sustain abilities (left hand) {unknown}
 B - an uncursed amulet of stasis
Potions
 l - 3 potions of curing
 p - a potion of restore abilities {unknown}
 s - a potion of slowing {unknown}
 u - a potion of paralysis {unknown}
Books
 h - a Grand Grimoire {highlevel}

   This book is beyond your current level of understanding.

   Spells                             Type                      Level
   Demonic Horde                      Summoning                    6
   Mass Abjuration                    Summoning                    6
   Haunt                              Necromancy/Summoning         7
   Summon Greater Demon               Summoning                    7
   Malign Gateway                     Summoning/Translocation      7
   Summon Horrible Things             Summoning                    8
 y - a book of Wizardry

   Spells                             Type                      Level
   Summon Elemental                   Summoning                    4
   Agony                              Necromancy                   5
   Force Lance                        Conjuration                  5
   Fireball                           Conjuration/Fire             5
   Haste                              Charms                       6
   Invisibility                       Hexes                        6


   Skills:
 + Level 4.6 Fighting
 - Level 4.4 Axes
 + Level 5.6 Maces & Flails
 + Level 4.7 Armour
 + Level 4.7 Shields


You had 7 spell levels left.
You didn't know any spells.

Dungeon Overview and Level Annotations

Branches:
Dungeon (6/27)
 Temple: D:4-7          Orc: D:6-11

Altars:
Fedhas
Makhleb
Sif Muna
Trog
Xom

Shops:
D:4 (


Message History

You hit the ogre.
The ogre is moderately wounded.
The ogre hits you with a giant club!
You hit the ogre.
The ogre is moderately wounded.
The ogre hits you with a giant club.
You hit the ogre.
The ogre is heavily wounded.
The ogre barely misses you.
You sock the ogre!
The ogre is severely wounded.
You block the ogre's attack.
Your scale mail prevents you from hitting the ogre.
The ogre is severely wounded.
The ogre hits you with a giant club!
* * * LOW HITPOINT WARNING * * *
You barely miss the ogre.
The ogre is severely wounded.
The ogre hits you with a giant club!
You die...

#..<# #...#
#.<.#######.
#...........
#...#..>....
#...#.....#
##.##.....#
#.##.....#
#@##.....###.(..
#.Oo............
############....


You could see an ogre and an orc.

Vanquished Creatures
  Grinder (D:4)
  Edmund (D:4)
  An ogre (D:4)
  Crazy Yiuf (D:4)
  2 hounds (D:4)
  An iguana (D:4)
  2 worker ants (D:5)
  Ijyb (D:3)
  Jessica (D:3)
  A hound skeleton (D:5)
  7 adders
  7 gnolls
  4 giant mites
  A worm (D:4)
  3 giant geckos
  4 orcs
  11 hobgoblins
  4 quokkas
  A ball python (D:1)
  10 bats
  3 giant cockroaches
  4 giant newts
  13 goblins
  4 jackals
  20 kobolds
  A quokka skeleton (D:5)
  8 rats
117 creatures vanquished.

Notes
Turn   | Place    | Note
--------------------------------------------------------------
     0 | D:1      | Goboxel, the Human Fighter, began the quest for the Orb.
     0 | D:1      | Reached XP level 1. HP: 18/18 MP: 0/0
   183 | D:1      | Reached XP level 2. HP: 24/24 MP: 1/1
   292 | D:1      | Reached XP level 3. HP: 17/30 MP: 2/2
   718 | D:2      | Found a bloodstained altar of Trog.
  1005 | D:2      | Found a shimmering altar of Xom.
  1029 | D:2      | Reached XP level 4. HP: 36/36 MP: 3/3
  1711 | D:3      | Reached XP level 5. HP: 36/42 MP: 4/4
  1760 | D:3      | Noticed Jessica
  1775 | D:3      | Killed Jessica
  1876 | D:3      | Found a blossoming altar of Fedhas.
  1876 | D:3      | Found a burning altar of Makhleb.
  1914 | D:3      | Noticed Ijyb
  1958 | D:3      | Killed Ijyb
  2219 | D:4      | Noticed Edmund
  2255 | D:4      | Killed Edmund
  2255 | D:4      | Reached skill level 4 in Fighting
  2255 | D:4      | Reached XP level 6. HP: 16/49 MP: 0/5
  2409 | D:4      | Found Amaarghon's Weapon Boutique.
  2516 | D:4      | Reached skill level 1 in Maces & Flails
  2737 | D:4      | Noticed Grinder
  2952 | D:4      | Reached XP level 7. HP: 39/54 MP: 6/6
  3414 | D:4      | Noticed an ogre
  3439 | D:4      | Killed an ogre
  3439 | D:4      | Reached skill level 5 in Maces & Flails
  3594 | D:4      | Noticed Crazy Yiuf
  3611 | D:4      | Killed Crazy Yiuf
  3617 | D:4      | Identified a +0 cloak of preservation (You took it off Crazy Yiuf on level 4 of the Dungeon)
  3731 | D:4      | Killed Grinder
  3731 | D:4      | Reached XP level 8. HP: 27/61 MP: 2/7
  4022 | D:5      | Entered Level 5 of the Dungeon
  4095 | D:5      | Found a deep blue altar of Sif Muna.
  4577 | D:6      | Slain by an ogre

Action                   |  1- 3 |  4- 6 |  7- 9 || total
-------------------------+-------+-------+-------++-------
Melee: Hand axe          |   122 |   197 |       ||   319
       Spear             |       |   102 |    32 ||   134
       Flail             |       |    21 |   124 ||   145
Evoke: Wand              |       |       |     2 ||     2
  Use: Scroll            |       |     8 |     3 ||    11
       Potion            |       |     1 |     2 ||     3
